 Dungeon Crawl Stone Soup version 0.21-a0-278-ga722497 (webtiles) character file.

225 tilp the Firebug (level 6, -1/45 HPs)
             Began as a Hill Orc Fire Elementalist on Sept 21, 2017.
             Killed from afar by an orc wizard (9 damage)
             ... with a magic dart
             ... on level 4 of the Dungeon.
             The game lasted 00:09:48 (4125 turns).

tilp the Firebug (Hill Orc Fire Elementalist)       Turns: 4125, Time: 00:09:48

Health: -1/45      AC:  2    Str: 11    XL:     6   Next: 1%
Magic:  5/9        EV: 12    Int: 17    God:
Gold:   186        SH:  0    Dex: 11    Spells: 4/10 levels left

rFire    . . .     SeeInvis .   a - +1 dagger (elec)
rCold    . . .     Gourm    .   (no shield)
rNeg     . . .     Faith    .   d - +0 robe
rPois    .         Spirit   .   (no helmet)
rElec    .         Reflect  .   (no cloak)
rCorr    .         Harm     .   (no gloves)
MR       .....                  (no boots)
Stlth    ++........             (no amulet)
HPRegen  0.15/turn              (no ring)
MPRegen  0.11/turn              (no ring)

@: no status effects
A: no striking features
a: no special abilities


You were on level 4 of the Dungeon.
You were not hungry.

You visited 1 branch of the dungeon, and saw 4 of its levels.

You collected 186 gold pieces.

Inventory:

Hand Weapons
 a - a +1 dagger of electrocution (weapon)
 q - a +2 dagger of venom
 t - a +2 dagger of freezing
Missiles
 j - 104 stones (quivered)
Armour
 d - a +0 robe (worn)
Jewellery
 k - a cursed ring of loudness {unknown}
Scrolls
 g - 4 scrolls of remove curse
 h - a scroll of identify
 i - 2 scrolls of amnesia
 m - a scroll of enchant weapon
 o - a scroll of immolation
 p - 2 scrolls of teleportation
 u - a scroll of recharging
Potions
 e - a potion of agility {unknown}
 f - a potion of brilliance {unknown}
 l - 2 potions of haste {unknown}
 v - a potion of cancellation {unknown}
 x - a potion of curing {unknown}
Books
 b - a book of Flames

   Spells                             Type                      Level
   a - Flame Tongue                   Conjuration/Fire             1
   b - Throw Flame                    Conjuration/Fire             2
   c - Conjure Flame                  Conjuration/Fire             3
   d - Inner Flame                    Hexes/Fire                   3
   e - Sticky Flame                   Conjuration/Fire             4
   f - Fireball                       Conjuration/Fire             5
 w - a book of Maledictions

   Spells                             Type                      Level
   a - Corona                         Hexes                        1
   b - Ensorcelled Hibernation        Hexes/Ice                    2
   c - Confuse                        Hexes                        3
   d - Tukima's Dance                 Hexes                        3
   e - Dazzling Spray                 Conjuration/Hexes            3
Comestibles
 c - 2 bread rations
 n - 3 chunks of flesh
 r - 2 meat rations
 s - a fruit


   Skills:
 - Level 1.5 Dodging
 - Level 1.5 Stealth
 + Level 2.5 Spellcasting
 * Level 4.2 Conjurations
 + Level 4.4 Fire Magic


You had 4 spell levels left.
You knew the following spells:

 Your Spells              Type           Power        Failure   Level  Hunger
a - Flame Tongue          Conj/Fire      ###..        3%          1    #......
b - Throw Flame           Conj/Fire      ###...       4%          2    ##.....
c - Conjure Flame         Conj/Fire      ###.....     10%         3    ###....


Dungeon Overview and Level Annotations

Branches:
Dungeon (4/15)
 Temple: D:4-7

Altars:

Shops:
D:4 }(

Annotations:
D:4 Sobriquet's ghost, amateur VSFi


Message History

The flame tongue hits the orc wizard.
You kill the orc wizard!
You have reached level 6!
Your experience leads to an increase in your attributes!
Increase (S)trength, (I)ntelligence, or (D)exterity?
You feel clever.
You hear some strange, mumbled words.
You completely miss something.
You hear some strange, mumbled words.
A puff of frost appears from out of thin air!
The puff of frost hits you!
An adder comes into view.
The gnoll hits you from afar with a spear!
* * * LOW HITPOINT WARNING * * *
Something hits you but does no damage.
There is a stone staircase leading up here.
You hear some strange, mumbled words.
A magic dart appears from out of thin air!
The magic dart hits you!
You die...

#......####..
##.##..8.8.8.#
#... ..⌠.⌠..#
##..S###8.∩.8#
.........⌠.⌠.#
.gg.....8.8.8#
#..g....#
####g#####
#o§g{@#
#######


You could see a gnoll.

Vanquished Creatures
  A wight (D:2)
  Jessica (D:3)
  2 orc wizards
  2 adders
  2 dart slugs
  2 worms
  5 leopard geckos
  3 orcs (D:3)
  4 giant cockroaches
  6 goblins
  10 hobgoblins
  6 jackals
  11 kobolds
  2 quokkas
  5 bats
  8 frilled lizards
  3 rats
73 creatures vanquished.

Notes
Turn   | Place    | Note
-------+----------+-------------------------------------------
     0 | D:1      | tilp the Hill Orc Fire Elementalist began the quest for the Orb.
     0 | D:1      | Reached XP level 1. HP: 14/14 MP: 3/3
   123 | D:1      | Reached XP level 2. HP: 20/20 MP: 2/4
   837 | D:1      | Reached XP level 3. HP: 19/26 MP: 5/5
   841 | D:1      | Learned a level 2 spell: Throw Flame
  2229 | D:2      | Learned a level 3 spell: Conjure Flame
  2295 | D:2      | Reached XP level 4. HP: 33/33 MP: 7/7
  3067 | D:3      | Reached XP level 5. HP: 19/38 MP: 2/8
  3910 | D:3      | Noticed Jessica
  3913 | D:3      | Killed Jessica
  4058 | D:4      | Found Qeutueth's Gadget Emporium.
  4058 | D:4      | Noticed Sobriquet's ghost (amateur VSFi)
  4104 | D:4      | Found Puozxy's Antique Weapon Shop.
  4121 | D:4      | Reached XP level 6. HP: 24/45 MP: 5/9
  4125 | D:4      | Killed from afar by an orc wizard

Vault maps used:
D:1:      zelgadis_glass_arrival_small, st_stairs_8, roderic_malta_cross
D:2:      minmay_box_of_dots
D:3:      first_bread, nrook_mini_backslash, uniq_jessica
D:4:      minitemple, minmay_temple_entry_hall, serial_shops, shop,
          shop_fountains, shop_statue, nicolae_shop_statue_plus,
          nicolae_shop_temple_entry_statues_fountains,
          nicolae_ossuary_entry_ruins, serial_bayou_pond_e

Skill      XL: |  1  2  3  4  5 |
---------------+----------------+-----
Conjurations   | 2 3 4 |  4.2
Spellcasting   | 2 |  2.5
Fire Magic     | 4 |  4.4
Dodging        | |  1.5
Stealth        | |  1.5

Action                   |  1- 3 |  4- 6 || total
-------------------------+-------+-------++-------
Melee: Club              |     1 |       ||     1
       Dagger            |    93 |   105 ||   198
 Cast: Flame Tongue      |     8 |    23 ||    31
       Throw Flame       |       |     3 ||     3
  Use: Scroll            |       |     7 ||     7
 Stab: Sleeping          |     4 |     1 ||     5
  Eat: Chunk             |     1 |     5 ||     6
       Bread ration      |     1 |       ||     1
Armor: Robe              |     6 |    12 ||    18
Dodge: Dodged            |    44 |    54 ||    98

Table legend:
 A = Spawn XP
 B = Non-spawn XP
 C = Spawn XP percentage of total XP
 D = Spawn monster count
 E = Non-spawn monster count
 F = Spawn count percentage of total count
 G = Total turns spent on level
                    A         B        C        D         E        F      G
               +---------+---------+-------+---------+---------+-------+---------
         Total |       0 |     322 |   0.0 |       0 |      73 |   0.0 |  4125
               +---------+---------+-------+---------+---------+-------+---------
           D:1 |       0 |      36 |   0.0 |       0 |      20 |   0.0 |  1247
           D:2 |       0 |     114 |   0.0 |       0 |      23 |   0.0 |  1299
           D:3 |       0 |     132 |   0.0 |       0 |      29 |   0.0 |  1544
           D:4 |       0 |      40 |   0.0 |       0 |       1 |   0.0 |    35
               +---------+---------+-------+---------+---------+-------+---------
